Map: Automaton LE

Players

macromore

  • Race: Terran Terran
  • League: Diamond
  • Spawn Location: 3:00

A.I. 1 (Hard) - Winner!

  • Race: Zerg Zerg
  • Spawn Location: 9:00

VOD

Have the link to the VOD?

Description

Test play of reaper FE on automation LE

Time

  • Played on: March 4, 2019, 1:46 p.m.
  • Length: 3:21
Show
View Real Time Build Order
Export as new Build Order

macromore Terran 

Build Orders: Reaper Expand 

Get SALT Encoding   

  12  0:00  SCV  
  13  0:13  SCV  
  14  0:18  Supply Depot  
  14  0:25  SCV  
  15  0:40  Barracks, SCV  
  16  0:45  Refinery  
  16  0:52  SCV  
  17  1:04  SCV  
  18  1:16  SCV  
  19  1:28  Orbital Command  
  19  1:29  Reaper  
  20  1:43  Command Center  
  20  1:51  Refinery  
  20  1:54  SCV  
  21  2:01  Barracks Reactor  
  21  2:06  SCV  
  21  2:07  Supply Depot  
  22  2:19  SCV  
  22  2:20  Factory  
  23  2:31  SCV  
  24  2:37  Marine  
  24  2:38  Marine  
  24  2:43  SCV  
  27  2:54  Orbital Command  
  27  2:55  Marine x2, SCV  
  30  3:05  Starport  
  30  3:07  SCV  
  30  3:10  Factory Tech Lab  
  31  3:14  Supply Depot  
Show
View Real Time Build Order
Export as new Build Order

A.I. 1 (Hard) Zerg - Winner!

Build Orders: 1 Base Baneling Bust, Pool Only 

Get SALT Encoding   

  12  0:00  Drone  
  13  0:12  Overlord  
  13  0:18  Drone  
  14  0:30  Drone  
  14  0:32  Drone  
  16  0:44  Spawning Pool  
  16  0:46  Drone  
  16  0:50  Drone  
  16  0:52  Extractor  
  16  0:56  Drone  
  17  1:06  Overlord  
  17  1:31  Zergling x2  
  17  1:32  Queen  
  20  1:36  Zergling x2  
  20  1:38  Drone  
  22  1:40  Roach Warren  
  22  1:41  Extractor  
  20  1:49  Drone  
  21  2:00  Drone  
  22  2:15  Drone  
  23  2:21  Roach  
  25  2:32  Overlord  
  25  2:39  Roach  
  25  2:44  Roach  
  29  2:49  Ravager  
  29  2:50  Roach, Drone  
  33  2:54  Overlord  
  33  3:00  Ravager  
  36  3:11  Baneling Nest  
Tags
 
Add a new tag
Caveats
  • Supply blocks, unpowered buildings, or Contaminate may cause inaccurate times.
  • Supply counts are checked every 10 seconds.